 Dungeon Crawl Stone Soup version 0.23-a0-608-g7a20e1320a (webtiles) character file.

571 LLavrengius the Skirmisher (level 7, -3/50 HPs)
             Began as an Octopode Transmuter on Dec 21, 2018.
             Was an Initiate of Sif Muna.
             Killed by divine providence
             ... invoked by an orc priest
              (9 damage)
             ... on level 4 of the Dungeon.
             The game lasted 00:10:01 (2808 turns).

LLavrengius the Skirmisher (Octopode Transmuter)    Turns: 2808, Time: 00:10:01

Health: -3/50      AC:  1    Str: 10    XL:     7   Next: 34%
Magic:  9/10       EV: 13    Int: 22    God:    Sif Muna [......]
Gold:   236        SH:  0    Dex: 12    Spells: 4/10 levels left

rFire    . . .     SeeInvis .     - Unarmed
rCold    . . .     Gourm    .   (no shield)
rNeg     . . .     Faith    .   (helmet restricted)
rPois    .         Spirit   .   i - amulet of regeneration
rElec    .         Reflect  .   (no ring)
rCorr    .         Harm     .   (no ring)
MR       .....                  (no ring)
Stlth    +++.......             (no ring)
HPRegen  0.56/turn              (no ring)
MPRegen  0.12/turn              (no ring)
                                (no ring)
                                (no ring)

@: brilliant, appendage
A: almost no armour, stealthy swim, amphibious, 8 rings, constrict 8, tentacle
spike 3, camouflage 1, gelatinous body 1
a: End Transformation, Renounce Religion


You were on level 4 of the Dungeon.
You worshipped Sif Muna.
Sif Muna was noncommittal.
You were not hungry.
One of your tentacles had a temporary spike.
You visited 1 branch of the dungeon, and saw 4 of its levels.

You collected 236 gold pieces.

Inventory:

Hand Weapons
 g - a +0 spear
Missiles
 a - 71 arrows
 r - 4 poisoned tomahawks (quivered)
Jewellery
 i - an amulet of regeneration (around mantle)
 m - an uncursed ring of ice
Scrolls
 d - 2 scrolls of identify
 f - a scroll of teleportation
 k - a scroll of immolation {unknown}
 o - a scroll of remove curse
 p - a scroll of enchant weapon {unknown}
 t - a scroll of magic mapping {unknown}
Potions
 b - 3 potions of mutation
 e - a potion of brilliance
 j - 2 potions of lignification {unknown}
 l - 2 potions of resistance {unknown}
 n - 3 potions of curing {unknown}
 q - a potion of cancellation {unknown}
 s - a potion of degeneration {unknown}
 u - a potion of might {unknown}
Comestibles
 c - 13 rations
 h - 7 chunks of flesh


   Skills:
 + Level 5.2 Fighting
 - Level 2.0 Dodging
 + Level 4.0 Stealth
 - Level 3.0 Unarmed Combat
 - Level 2.0 Spellcasting
 - Level 5.0 Transmutations


You had 4 spell levels left.
You knew the following spells:

 Your Spells              Type           Power        Failure   Level  Hunger
a - Beastly Appendage     Tmut           #####.       1%          1    #......
b - Sticks to Snakes      Tmut           #####...     1%          2    ##.....
c - Spider Form           Tmut/Pois      ####......   1%          3    ###....

Your spell library contained the following spells:

 Spells                   Type           Power        Failure   Level  Hunger
 Ice Form                 Ice/Tmut       ####....     5%          4    #####..
 Blade Hands              Tmut           #####.....   5%          5    ######.


Dungeon Overview and Level Annotations

Branches:
Dungeon (4/15)
 Temple: D:4-7

Altars:
Cheibriados
Fedhas
Okawaru
Sif Muna
Yredelemnul
The Shining One

Shops:
D:4 *


Innate Abilities, Weirdness & Mutations

You cannot wear most types of armour.
You are very stealthy in the water. (Stealth+)
You are amphibious.
You can wear up to eight rings at the same time.
You can use your tentacles to constrict eight enemies at once.
Your skin changes colour to match your surroundings (Stealth+).
Your rubbery body absorbs attacks. (AC +1, EV +1)
One of your tentacles bears a large vicious spike.


Message History

You constrict the orc wizard. You constrict the orc priest.
The orc wizard casts a spell at you. The puff of flame hits you!
The orc wizard casts a spell.
The orc wizard blinks!
The orc closely misses you.
The orc priest mumbles some strange prayers to Beogh against you.
Beogh smites you!
* * * LOW HITPOINT WARNING * * *
It was a potion of brilliance.
You feel clever all of a sudden.
You constrict the orc wizard.
You kill the orc wizard!
Sif Muna accepts your kill.
Your Stealth skill increases to level 4!
You constrict the orc priest. The orc priest completely misses you.
The orc wizard mumbles some strange words.
The orc wizard seems to speed up.
The orc barely misses you.
The orc priest calls down the wrath of Beogh upon you.
Beogh smites you!
You die...

##.#.#..........................#
.# #.........................## .
)..............#...#...... ..
........#.>..#.#...#...... ..
........#.#....#...#...... ...
......#.......##...#...... ...
.....###....####...#....## ...
.#.......##### #...#...## .##.
....o....@)o.# #...#...# .
.........oo...##...#
.............###...#
#........>...##...#
##.........####...# #....#....#
##'## ##.....ยง..# #_# #...#...##
###


You could see 2 orc priests, an orc wizard and an orc.

Vanquished Creatures
  Sigmund (D:3)
  An ogre (D:4)
  An orc priest (D:3)
  2 hounds (D:4)
  An orc wizard (D:4)
  3 worker ants (D:4)
  Robin (D:3)
  2 adders
  An ooze (D:1)
  2 adder skeletons (D:4)
  2 worms (D:2)
  2 dart slugs
  2 leopard geckos
  7 orcs (D:3)
  11 bats
  6 giant cockroaches
  16 goblins
  9 hobgoblins
  3 jackals (D:3)
  A quokka (D:4)
  2 ball pythons
  7 frilled lizards
  12 kobolds
  A leopard gecko skeleton (D:4)
  4 rats
100 creatures vanquished.

Notes
Turn   | Place    | Note
-------+----------+-------------------------------------------
     0 | D:1      | LLavrengius the Octopode Transmuter began the quest for the
                  | Orb.
     0 | D:1      | Reached XP level 1. HP: 13/13 MP: 3/3
   169 | D:1      | Reached XP level 2. HP: 17/18 MP: 5/5
   673 | D:1      | Reached XP level 3. HP: 20/24 MP: 6/6
  1115 | D:2      | Reached XP level 4. HP: 16/30 MP: 7/7
  1182 | D:2      | Learned a level 2 spell: Sticks to Snakes
  1186 | D:2      | Learned a level 3 spell: Spider Form
  1540 | D:3      | Noticed Robin
  1591 | D:3      | Found a snail-covered altar of Cheibriados.
  1752 | D:3      | Killed Robin
  1794 | D:3      | Found a basalt altar of Yredelemnul.
  1797 | D:3      | Found a blossoming altar of Fedhas.
  1800 | D:3      | Noticed Sigmund
  1812 | D:3      | Killed Sigmund
  1812 | D:3      | Reached XP level 5. HP: 33/37 MP: 8/8
  1812 | D:3      | Reached XP level 6. HP: 38/43 MP: 9/9
  1844 | D:3      | Found a glowing golden altar of the Shining One.
  1875 | D:3      | Found an iron altar of Okawaru.
  1993 | D:3      | Reached skill level 1 in Stealth
  2433 | D:4      | Reached skill level 5 in Transmutations
  2434 | D:4      | Reached XP level 7. HP: 39/49 MP: 6/10
  2487 | D:4      | Found Siriemiq's Assorted Antiques.
  2635 | D:4      | Reached skill level 5 in Fighting
  2751 | D:4      | Found a deep blue altar of Sif Muna.
  2776 | D:4      | Became a worshipper of Sif Muna the Loreminder
  2808 | D:4      | Killed from afar by an orc priest

Vault maps used:
D:1:      saegor_arrival_under_anarchy
D:2:      minmay_crystal_room, grunt_ministairs_14, roderic_filled_cross
D:3:      okawaru_ov_weapons_minmay, grunt_temple_overflow_open, tso_metal_star,
          uniq_sigmund, uniq_robin
D:4:      lemuel_blue_sif_altar, first_ration, serial_shops, shop

Skill      XL: |  1  2  3  4  5  6  7 |
---------------+----------------------+-----
Fighting       | 2 4 5 |  5.2
Transmutations | 3 4 5 |  5.0
Stealth        | 2 4 |  4.0
Dodging        | |  2.0
Unarmed Combat | |  3.0
Spellcasting   | |  2.0

Action                   |  1- 3 |  4- 6 |  7- 9 || total
-------------------------+-------+-------+-------++-------
Melee: Unarmed           |   100 |   128 |    36 ||   264
       Constrict         |    24 |    40 |    11 ||    75
       Tentacles         |    11 |    26 |     8 ||    45
       Punch             |       |     3 |     4 ||     7
       Kick              |       |     4 |     1 ||     5
Throw: Tomahawk          |       |     6 |       ||     6
 Cast: Beastly Appendage |       |     2 |     1 ||     3
       Spider Form       |       |     1 |       ||     1
  Use: Scroll            |       |     6 |       ||     6
       Potion            |       |       |     1 ||     1
 Stab: Sleeping          |     7 |     2 |       ||     9
       Distracted        |       |     1 |       ||     1
  Eat: Chunk             |     1 |     3 |     2 ||     6
Armor: Skin              |     9 |    21 |     3 ||    33
Dodge: Dodged            |    49 |   109 |    23 ||   181

Table legend:
 A = Non-vault XP
 B = Vault XP
 C = Vault XP percentage of total XP
 D = Non-vault monster count
 E = Vault monster count
 F = Vault count percentage of total count
                 A         B        C        D         E       F
            +---------+---------+-------+---------+---------+-------
      Total |     569 |     248 |  30.4 |      85 |      15 |  15.0
            +---------+---------+-------+---------+---------+-------
        D:1 |      47 |       0 |   0.0 |      23 |       0 |   0.0
        D:2 |      48 |      19 |  28.4 |      20 |      10 |  33.3
        D:3 |     112 |     229 |  67.2 |      29 |       5 |  14.7
        D:4 |     362 |       0 |   0.0 |      13 |       0 |   0.0
            +---------+---------+-------+---------+---------+-------
